 Dungeon Crawl Stone Soup version 0.28-a0-1524-ge72afd5fc6 (webtiles) character file.

Game seed: 2564245099059565426

238302 fragbeetle the Black Belt (level 18, 0/149 (154) HPs)
             Began as a White Draconian Transmuter on Jan 18, 2022.
             Was an Initiate of Gozag.
             Slain by a spark wasp (5 damage)
             ... on level 3 of the Spider Nest.
             The game lasted 02:35:37 (39543 turns).

fragbeetle the Black Belt (DrTm)                   Turns: 39543, Time: 02:35:38

HP:   0/149 (154)   AC: 22    Str: 10 (16) XL:     18   Next: 99%
MP:   27/29         EV: 18    Int: 13      God:    Gozag
Gold: 2221          SH:  0    Dex: 15 (17) Spells: 3/32 levels left

rFire   . . .      SeeInvis .     - Unarmed
rCold   + + .      Faith    .   (shield currently unavailable)
rNeg    . . .      Spirit   .   (armour unavailable)
rPois   +          Reflect  .   (helmet restricted)
rElec   .          Harm     .   k - +2 cloak
rCorr   +          Rampage  .   (gloves currently unavailable)
Will    +....                   a - +4 pair of boots of the Shoals {rC+ Regen+ rCorr}
Stlth   ++++......              N - amulet of regeneration
HPRegen 1.94/turn               b - +4 ring of protection
MPRegen 0.21/turn               M - ring of poison resistance

@: about to teleport, short of breath, blade hands, gold aura, studying 2
skills, lightly drained
A: breathe frost, AC +10, unfitting armour, cold resistance 1, cold-blooded
}: 1/15 runes: decaying
a: Breathe Frost, End Transformation, Renounce Religion, Potion Petition, Call
Merchant, Bribe Branch


You were on level 3 of the Spider Nest.
You worshipped Gozag.
Gozag was most pleased with you.
You had blades for hands.
You visited 6 branches of the dungeon, and saw 31 of its levels.
You also visited: Bailey, Ice Cave and Volcano.

You collected 11902 gold pieces.
You spent 4508 gold pieces at shops.
You paid 5173 gold pieces to Gozag.

Inventory:

Missiles
 d - 35 poisoned darts
 p - 6 silver boomerangs
 s - 4 throwing nets
 E - 3 silver javelins
 Y - 2 curare-tipped darts
Armour
 a - the +4 pair of boots of the Shoals (worn) {rC+ Regen+ rCorr}
   (You found it on level 10 of the Dungeon)

   rC:        It protects you from cold.
   Regen:     It increases your rate of health regeneration.
   rCorr:     It protects you from acid and corrosion.
 k - a +2 cloak (worn)
 O - the +1 pair of gloves of a Billion Ziggurats (melded) {Will++ Str-3}
   (You acquired it on level 5 of the Lair of Beasts)

   Str:       It affects your strength (-3).
   Will:      It greatly increases your willpower.
 Z - the +0 pair of gloves "Xeomaor" {rElec}
   (You found it in an ice cave)

   rElec:     It insulates you from electricity.
Magical Staves
 f - a staff of cold (melded)
 K - a staff of poison
Jewellery
 b - a +4 ring of protection (left blade hand)
 D - a ring of wizardry
 L - a ring of see invisible
 M - a ring of poison resistance (right blade hand)
 N - an amulet of regeneration (around neck)
 U - a +4 ring of protection
 V - the ring of Siyfrot {Drain Fly rF+ rN+ Int+3}
   (You bought it in a shop on level 1 of the Lair of Beasts)

   [ring of flight]

   Int:       It affects your intelligence (+3).
   rF:        It protects you from fire.
   rN:        It protects you from negative energy.
   Fly:       It grants you flight.
   Drain:     It drains your maximum health when unequipped.
 W - a ring of protection from cold
Wands
 i - a wand of iceblast (32)
 j - a wand of polymorph (13)
 n - a wand of paralysis (1)
 C - a wand of acid (4)
 F - a wand of mindburst (9)
 H - a wand of charming (3)
 Q - a wand of flame (17)
Scrolls
 e - 4 scrolls of magic mapping
 l - 2 scrolls of blinking
 q - 4 scrolls of fog
 t - 5 scrolls of silence
 v - 8 scrolls of fear
 y - 4 scrolls of holy word
 z - a scroll of enchant weapon
 A - a scroll of amnesia
 B - 13 scrolls of teleportation
 I - 2 scrolls of summoning
Potions
 c - 17 potions of curing
 g - 6 potions of heal wounds
 h - 2 potions of brilliance
 m - 2 potions of might
 o - 3 potions of invisibility
 u - 3 potions of haste
 w - a potion of flight
 x - a potion of magic
 G - a potion of ambrosia
 J - a potion of lignification
 R - 2 potions of resistance
Miscellaneous
 r - a lightning rod (4/4)
 T - a phial of floods
 X - a condenser vane


   Skills:
 - Level 12.0 Fighting
 + Level 11.7 Dodging
 + Level 9.3 Stealth
 * Level 16.9 Unarmed Combat
 + Level 7.7 Spellcasting
 * Level 13.1 Translocations
 * Level 15.7 Transmutations
 - Level 10.0 Ice Magic
 + Level 8.8 Air Magic
 - Level 3.0 Poison Magic


You had 3 spell levels left.
You knew the following spells:

 Your Spells              Type           Power      Damage    Failure   Level
a - Beastly Appendage     Tmut           90%        N/A       4%          1
b - Dragon Form           Tmut           22%        N/A       61%         7
c - Ice Form              Ice/Tmut       38%        N/A       13%         4
d - Wereblood             Tmut           45%        N/A       4%          2
e - Blink                 Tloc           78%        N/A       7%          2
f - Mephitic Cloud        Conj/Pois/Air  15%        N/A       43%         3
g - Manifold Assault      Tloc           39%        N/A       21%         5
q - Blade Hands           Tmut           22%        N/A       13%         5

Your spell library contained the following spells:

 Spells                   Type           Power      Damage    Failure   Level
 Gell's Gravitas          Tloc           39%        N/A       9%          3
 Lesser Beckoning         Tloc           39%        N/A       9%          3
 Teleport Other           Tloc           39%        N/A       9%          3
 Spider Form              Tmut/Pois      29%        N/A       14%         3
 Portal Projectile        Hex/Tloc       44%        N/A       26%         3
 Static Discharge         Conj/Air       16%        N/A       28%         2
 Animate Skeleton         Necr           10%        N/A       54%         1
 Magic Dart               Conj           20%        1d4       54%         1
 Pain                     Necr           20%        1d5       54%         1
 Call Imp                 Summ           5%         N/A       65%         2
 Searing Ray              Conj           10%        2d4       65%         2
 Confusing Touch          Hex            5%         N/A       80%         3
 Tukima's Dance           Hex            5%         N/A       80%         3
 Vampiric Draining        Necr           5%         2d6       80%         3
 Passage of Golubria      Tloc           39%        N/A       13%         4
 Irradiate                Conj/Tmut      12%        3d17      56%         5
 Yara's Violent Unravell  Hex/Tmut       12%        3d7       56%         5
 Summon Ice Beast         Ice/Summ       18%        N/A       61%         4
 Lightning Bolt           Conj/Air       8%         1d20      89%         5
 Storm Form               Tmut/Air       18%        N/A       92%         7
 Anguish                  Hex/Necr       2%         N/A       98%         4
 Cause Fear               Hex            2%         N/A       98%         4
 Fulminant Prism          Conj/Hex       2%         3d6       98%         4
 Excruciating Wounds      Necr           2%         N/A       100%        5
 Summon Mana Viper        Hex/Summ       5%         N/A       100%        5
 Conjure Ball Lightning   Conj/Air       8%         3x3d6     100%        6
 Enfeeble                 Hex            2%         N/A       100%        7
 Monstrous Menagerie      Summ           2%         N/A       100%        7
 Discord                  Hex            2%         N/A       100%        8
 Disjunction              Tloc           19%        N/A       100%        8
 Maxwell's Capacitive Co  Air            14%        ∞         100%        8
 Dragon's Call            Summ           2%         N/A       100%        9


Dungeon Overview and Level Annotations

Branches:
Dungeon (15/15)            Temple (1/1) D:7            Lair (6/6) D:8
  Swamp (4/4) Lair:2       Spider (3/4) Lair:2        Slime (0/5) Lair:6
    Orc (2/2) D:12            Elf (0/3) Orc:2        Vaults (0/5) D:13
 Depths (0/4) D:15         Bailey (visited)           IceCv (visited)
Volcano (visited)

Altars:
Ashenzari
Cheibriados
Dithmenos
Elyvilon
Fedhas
Gozag
Hepliaklqana
Kikubaaqudgha
Makhleb
Nemelex Xobeh
Okawaru
Qazlal
Ru
Sif Muna
Trog
Uskayaw
Vehumet
Wu Jian
Xom
Yredelemnul
Zin
The Shining One
Beogh
Jiyva

Shops:
D:1 *   D:3 ?   D:9 *   D:11 [   D:12 *   D:15 :   Orc:2 (*=!   Lair:1 **=[=

Portals:
Pandemonium: Orc:2

Annotations:
D:10 exclusion: door
Spider:2 2 transporters, Arachne; Riopsa's ghost, adept GrEE; Zogeunol's ghost, adept VSFi
Spider:3 3 runed translucent doors, Riopsa's ghost, adept GrEE
Orc:2 exclusion: upstairs


Innate Abilities, Weirdness & Mutations

You have blades for hands.
Your spellcasting is less reliable in this form.
You are incapable of wielding weapons or throwing items.
You can breathe waves of freezing cold which knock back foes.
Your icy white scales are hard. (AC +10)
You cannot fit into any form of body armour.
Your flesh is cold resistant. (rC+)
You are cold-blooded and may be slowed by cold attacks.


Message History

The redback simulacrum misses you.
Aiming: Corrosive Bolt
Press: ? - help, Shift-Dir - straight line, f/p - orb spider
Aim: an orb spider (almost dead, fully charged, 71% to hit)
The bolt of acid hits the jorogumo!
The acid corrodes the jorogumo!
The jorogumo is lightly wounded.
The bolt of acid misses the orb spider.
The redback simulacrum bites you but does no damage.
The jorogumo casts a spell at you. The stream of webbing misses you.
Aiming: Throw Flame
Press: ? - help, Shift-Dir - straight line, f/p - orb spider
Aim: an orb spider (almost dead, fully charged, 68% to hit)
The puff of flame hits the orb spider.
You kill the orb spider!
A jumping spider comes into view.
A wolf spider comes into view.
The redback simulacrum barely misses you.
The jorogumo stares at you and mumbles some strange words.
The bolt of negative energy hits you!!
You feel drained.
You barely miss the spark wasp.
The wolf spider hisses angrily.
The spark wasp stings you! The spark wasp shocks you!
The redback simulacrum bites you but does no damage.
You closely miss the spark wasp. The spark wasp stings you!
* * * LOW HITPOINT WARNING * * *
The spark wasp shocks you!
* * * LOW HITPOINT WARNING * * *
The redback simulacrum closely misses you.
A jumping spider comes into view.
As you read the scroll of teleportation, it crumbles to dust.
You feel strangely unstable. The spark wasp misses you.
The redback simulacrum bites you.
* * * LOW HITPOINT WARNING * * *
The redback simulacrum freezes you. You resist.
* * * LOW HITPOINT WARNING * * *
The jorogumo hits you!
* * * LOW HITPOINT WARNING * * *
The spark wasp stings you.
You die...
Your body crumbles into a pile of gold.

#.... ### ...## #..#
###s..# ###.^###
##....# ###.....^.
##.....##### #^..H..^.?
#^..#s.#...# #s.#ss..^.
##....^....###.^#.#.^.(
#....Z#...$.##..$$.^...
##....@H....#.......^..
##s^.#y.^..#..s.^.^...
#.##..#...$..$........
... ###....#....#.#^.^.
.....
......##...#.....^
#.#..
........^#....$..^.
#...#
B..#.....#..##..^.^
...# # ..^..........^.
#...........#


You could see a jorogumo (corroded), a spark wasp, a wolf spider, 2 jumping
spiders and a redback simulacrum.

Vanquished Creatures
  A bone dragon (Swamp:4)
  Rupert (D:14)
  A thorn hunter (Swamp:4)
  The ghost of Kacaoki the Warrior, an adept MiBe of Trog (Swamp:2)
  Donald (Swamp:3)
  A fenstrider witch (Swamp:2)
  3 frost giants
  2 ghost moths (Spider:2)
  2 broodmothers (Spider:2)
  6 ghouls
  Nessos (D:15)
  An eleionoma (Swamp:1)
  A red draconian (Volcano)
  3 bunyips
  An entropy weaver (Lair:2)
  A white draconian (IceCv)
  An ettin (shapeshifter) (D:13)
  An ettin (D:13)
  A fire dragon (D:15)
  2 shambling mangroves
  Harold (D:7)
  3 boulder beetles
  3 ghost crabs (Swamp:4)
  2 jorogumos (Spider:1)
  3 ironbound frosthearts (IceCv)
  7 centaur warriors
  17 hydras
  A merfolk avatar (Lair:6)
  2 death knights
  A tengu warrior (D:10)
  7 two-headed ogres
  A catoblepas (Lair:4)
  2 radroaches
  23 death yaks
  7 alligators
  3 demonspawn (Orc:2)
  11 orc high priests (Orc:2)
  Urug (Lair:2)
  A goliath frog (Swamp:3)
  6 skeletal warriors
  2 pharaoh ants
  A sea snake (Lair:6)
  A sun moth (Spider:2)
  A steelbarb worm (Lair:2)
  4 orb spiders
  6 spriggan druids
  2 spectral hydras (Swamp:4)
  13 orc knights
  A glowing orange brain (D:10)
  12 bog bodies
  2 phantasmal warriors
  3 swamp dragons
  An orange crystal statue (IceCv)
  A harpy (Lair:6)
  13 wolf spiders
  6 deep elf pyromancers
  An oklob plant (Lair:1)
  2 orc sorcerers (Orc:2)
  4 will-o-the-wisps
  A necromancer (D:15)
  4 cyclopes
  13 ugly things
  5 manticores
  12 elephants
  A black mamba (Lair:1)
  2 naga magi (D:15)
  A torpor snail (Lair:6)
  2 gargoyles (D:13)
  A cane toad (shapeshifter) (D:13)
  2 molten gargoyles (Volcano)
  14 cane toads
  6 demonic crawlers
  A yaktaur (Volcano)
  8 komodo dragons
  2 unseen horrors
  2 freezing wraiths
  26 rime drakes
  2 hydra zombies (Swamp:4)
  A redback zombie (D:15)
  6 swamp worm zombies (Swamp:4)
  2 efreet
  8 trolls
  3 bloated husks
  A hellwing (Orc:2)
  9 meliai
  9 tyrant leeches
  12 hornets
  14 polar bears
  2 wind drakes (Lair:6)
  A tarantella (shapeshifter) (D:10)
  12 tarantellas
  18 blink frogs
  3 alligator zombies (Swamp:4)
  5 jumping spiders
  24 slime creatures
  3 shadows (D:10)
  10 culicivoras
  A centaur simulacrum (D:15)
  9 spriggans
  9 wyverns
  A fire bat (Volcano)
  6 wraiths
  A dire elephant simulacrum (D:15)
  92 yaks
  2 steam dragons
  5 basilisks
  16 vampire mosquitoes
  5 minotaur simulacra (D:15)
  26 redbacks
  A warg (shapeshifter) (D:15)
  3 wargs
  12 swamp worms
  An acid dragon (D:12)
  17 water moccasins
  4 swamp drakes
  60 orc warriors
  A meliai simulacrum (D:14)
  A sky beast (D:8)
  4 black bears
  11 ogres
  3 necrophages
  5 swamp dragon zombies (Swamp:4)
  6 wolves
  30 centaurs
  3 kobold brigands
  7 phantoms
  9 bullfrogs
  2 deep troll simulacra (D:15)
  Blork the orc (D:4)
  A water moccasin zombie (D:4)
  3 gnoll sergeants
  4 scorpions
  7 killer bees (D:10)
  8 wights (D:9)
  3 electric eels (Lair:2)
  3 howler monkeys (D:10)
  4 lava snakes (Volcano)
  4 centaur zombies
  6 hounds
  33 orc priests
  A bullfrog skeleton (D:6)
  4 centaur skeletons
  2 iguanas (D:6)
  2 gnoll shamans
  23 orc wizards
  3 spectral swamp drakes (Swamp:4)
  4 hell rats (Lair:1)
  3 adders
  23 gnolls
  3 swamp drake zombies (Swamp:4)
  A shadow imp (D:6)
  A white imp (D:8)
  2 worms (D:2)
  An adder skeleton (D:4)
  A dart slug (D:3)
  95 orcs
  8 endoplasms
  4 giant cockroaches
  16 goblins
  13 hobgoblins
  7 jackals
  3 quokkas
  4 ball pythons (D:1)
  4 bats
  15 kobolds
  6 rats
1137 creatures vanquished.

Vanquished Creatures (others)
  A spriggan druid (Swamp:1)
  A will-o-the-wisp (Swamp:4)
  6 bloated husks
  2 phantoms (Swamp:4)
  7 briar patches (Swamp:4)
  6 foxfires (Swamp:4)
  56 fungi
  114 plants
193 creatures vanquished.

Grand Total: 1330 creatures vanquished

Notes
Turn   | Place    | Note
-------+----------+-------------------------------------------
     0 | D:1      | fragbeetle the Draconian Transmuter began the quest for the
                  | Orb.
     0 | D:1      | Reached XP level 1. HP: 16/16 MP: 3/3
   249 | D:1      | Found a faded altar of an unknown god.
   453 | D:1      | Reached XP level 2. HP: 21/23 MP: 3/5
   487 | D:1      | Found Xunitopt's Assorted Antiques.
  1400 | D:2      | Reached XP level 3. HP: 22/29 MP: 4/6
  1411 | D:2      | Learned a level 3 spell: Spider Form
  1985 | D:2      | Reached XP level 4. HP: 36/36 MP: 7/7
  2519 | D:3      | Found Emul's Magic Scroll Shop.
  2531 | D:3      | Bought a scroll of identify for 24 gold pieces
  2531 | D:3      | Bought a scroll of magic mapping for 42 gold pieces
  2807 | D:3      | Found a white marble altar of Elyvilon.
  2828 | D:3      | Reached skill level 1 in Poison Magic
  3261 | D:4      | Reached XP level 5. HP: 39/41 MP: 6/8
  3270 | D:4      | Reached skill level 4 in Unarmed Combat
  3271 | D:4      | Reached skill level 1 in Ice Magic
  3290 | D:4      | Learned a level 4 spell: Ice Form
  3329 | D:4      | Noticed a necrophage
  3342 | D:4      | Killed a necrophage
  3343 | D:4      | Reached XP level 6. HP: 49/50 MP: 3/9
  3508 | D:4      | Noticed Blork the orc
  3521 | D:4      | Killed Blork the orc
  3625 | D:4      | Your scales start taking on an icy white colour.
  3625 | D:4      | Reached XP level 7. HP: 21/56 MP: 5/10
  3625 | D:4      | Gained mutation: Your flesh is cold resistant. (rC+) [White
                  | Draconian growth]
  3871 | D:4      | Found a stormy altar of Qazlal.
  4146 | D:5      | Entered Level 5 of the Dungeon
  4187 | D:5      | Reached skill level 5 in Unarmed Combat
  4386 | D:5      | Noticed a two-headed ogre
  4423 | D:5      | Killed a two-headed ogre
  4424 | D:5      | Reached skill level 5 in Transmutations
  4424 | D:5      | Reached XP level 8. HP: 13/66 MP: 9/11
  4784 | D:5      | Reached skill level 6 in Unarmed Combat
  4784 | D:5      | Reached skill level 5 in Ice Magic
  5004 | D:5      | Found a hazy altar of Hepliaklqana.
  5170 | D:6      | Found a glowing silver altar of Zin.
  5171 | D:6      | Found a sacrificial altar of Ru.
  5173 | D:6      | Found a broken altar of Ashenzari.
  5173 | D:6      | Found an iron altar of Okawaru.
  5279 | D:6      | Reached XP level 9. HP: 64/72 MP: 9/12
  5286 | D:6      | Learned a level 2 spell: Wereblood
  5351 | D:6      | Found a shimmering blue altar of Sif Muna.
  6092 | D:7      | Reached skill level 7 in Unarmed Combat
  6141 | D:7      | Found a shimmering altar of Xom.
  6212 | D:7      | Noticed Harold
  6234 | D:7      | Killed Harold
  6235 | D:7      | Reached skill level 5 in Fighting
  6759 | D:7      | Found a staircase to the Ecumenical Temple.
  6804 | Temple   | Entered the Ecumenical Temple
  7247 | D:7      | Noticed a troll
  7253 | D:7      | Killed a troll
  7530 | D:8      | Noticed a two-headed ogre
  7537 | D:8      | Killed a two-headed ogre
  7538 | D:8      | Reached XP level 10. HP: 33/81 MP: 11/13
  7540 | D:8      | Reached skill level 8 in Unarmed Combat
  7688 | D:8      | Reached skill level 5 in Dodging
  7764 | D:8      | Found a flagged portal.
  7779 | Bailey   | Entered a bailey
  8480 | Bailey   | Noticed an orc warlord
  8982 | D:8      | Acquired an Inescapable Atlas
  8989 | D:8      | Learned a level 2 spell: Blink
  9084 | D:8      | Reached skill level 9 in Unarmed Combat
  9105 | D:8      | Reached skill level 1 in Translocations
  9120 | D:8      | Found a staircase to the Lair.
  9403 | D:9      | Found a bloodstained altar of Trog.
  9426 | D:9      | Reached XP level 11. HP: 74/91 MP: 10/14
  9862 | D:9      | Noticed a two-headed ogre
  9872 | D:9      | Killed a two-headed ogre
 10218 | D:9      | Found Duatt's Assorted Antiques.
 10226 | D:9      | Bought a scroll of identify for 54 gold pieces
 10307 | D:9      | Found an ornate altar of the Wu Jian Council.
 10316 | D:9      | Found an opulent altar of Gozag.
 10319 | D:9      | Became a worshipper of Gozag Ym Sagoz the Greedy
 10917 | D:8      | Noticed a two-headed ogre
 10923 | D:8      | Killed a two-headed ogre
 11272 | D:10     | Entered Level 10 of the Dungeon
 11295 | D:10     | Found a glowing golden altar of the Shining One.
 11379 | D:10     | Noticed a two-headed ogre
 11913 | D:10     | Noticed a deep elf pyromancer
 11914 | D:10     | Noticed a brown ugly thing
 12053 | D:10     | Reached skill level 10 in Unarmed Combat
 12053 | D:10     | Reached skill level 10 in Ice Magic
 12451 | D:10     | Reached skill level 1 in Stealth
 12464 | D:10     | Noticed a flayed ghost
 12567 | Lair:1   | Entered Level 1 of the Lair of Beasts
 12893 | Lair:1   | Noticed a four-headed hydra
 13136 | Lair:1   | Killed a four-headed hydra
 13137 | Lair:1   | Reached XP level 12. HP: 95/100 MP: 11/16
 13340 | Lair:1   | Noticed an eight-headed hydra
 13348 | Lair:1   | Killed an eight-headed hydra
 13353 | Lair:1   | Noticed a six-headed hydra
 13548 | Lair:1   | Reached skill level 5 in Translocations
 13896 | Lair:1   | Killed a six-headed hydra
 13897 | Lair:1   | Reached skill level 10 in Transmutations
 13897 | Lair:1   | Noticed a seven-headed hydra
 14070 | Lair:1   | Killed a seven-headed hydra
 14184 | Lair:1   | Noticed a six-headed hydra
 14191 | Lair:1   | Killed a six-headed hydra
 14223 | Lair:1   | Reached skill level 11 in Unarmed Combat
 14248 | Lair:1   | Found the +1 robe of Vines {NoPotionHeal Regen++++}
 14764 | Lair:2   | Noticed a four-headed hydra
 14770 | Lair:2   | Killed a four-headed hydra
 14858 | Lair:2   | Learned a level 5 spell: Blade Hands
 15047 | Lair:2   | Found a hole to the Spider Nest.
 15173 | Lair:2   | Found a staircase to the Swamp.
 15487 | Lair:2   | Reached XP level 13. HP: 108/108 MP: 14/19
 15504 | Lair:2   | Noticed Urug
 15564 | Lair:2   | Killed Urug
 16038 | Lair:3   | Learned a level 3 spell: Mephitic Cloud
 16367 | Lair:1   | Bought a potion of lignification for 48 gold pieces
 16504 | Lair:3   | Reached skill level 1 in Air Magic
 17079 | Lair:3   | Reached skill level 12 in Unarmed Combat
 17500 | Lair:4   | Found a dark tunnel.
 17507 | Volcano  | Entered a volcano
 17841 | Volcano  | Found a burning altar of Makhleb.
 18235 | Volcano  | Noticed a red draconian
 18240 | Volcano  | Killed a red draconian
 18453 | Volcano  | Found the +3 pair of seven-league boots {Rampage+∞}
 18458 | Volcano  | Reached skill level 5 in Spellcasting
 18582 | Lair:4   | Reached skill level 5 in Stealth
 20134 | Lair:5   | Reached XP level 14. HP: 96/118 MP: 16/21
 20649 | Lair:5   | Acquired the +1 pair of gloves of a Billion Ziggurats
                  | {Will++ Str-3}
 21256 | Lair:5   | Reached skill level 13 in Unarmed Combat
 21901 | Lair:6   | Entered Level 6 of the Lair of Beasts
 21936 | Lair:6   | Found a viscous altar of Jiyva.
 21936 | Lair:6   | Found a staircase to the Slime Pits.
 21962 | Lair:6   | Reached skill level 10 in Fighting
 22967 | Lair:6   | Reached skill level 5 in Air Magic
 23112 | Lair:6   | Reached XP level 15. HP: 127/127 MP: 24/24
 23629 | Lair:1   | Bought the ring of Siyfrot {Drain Fly rF+ rN+ Int+3} for
                  | 509 gold pieces
 23808 | D:3      | Bought a scroll of identify for 24 gold pieces
 23808 | D:3      | Bought a scroll of identify for 24 gold pieces
 23808 | D:3      | Bought a scroll of holy word for 90 gold pieces
 23808 | D:3      | Bought a scroll of silence for 90 gold pieces
 23808 | D:3      | Bought a scroll of teleportation for 36 gold pieces
 23808 | D:3      | Bought a scroll of teleportation for 36 gold pieces
 24131 | D:10     | Identified the +4 pair of boots of the Shoals {rC+ Regen+
                  | rCorr}
 24223 | D:10     | Noticed a frost giant
 24224 | D:10     | Noticed a sphinx
 24229 | D:10     | Identified the +6 hunting sling of Calculation {freeze,
                  | Str+4 Int+4}
 24316 | D:11     | Learned a level 5 spell: Manifold Assault
 24588 | D:11     | Found Efoij's Armour Shoppe.
 25753 | D:12     | Found Ynnidd's General Store.
 25761 | D:12     | Bought a potion of heal wounds for 80 gold pieces
 25770 | D:12     | Found a staircase to the Orcish Mines.
 26081 | Orc:1    | Entered Level 1 of the Orcish Mines
 26192 | Orc:1    | Reached skill level 14 in Unarmed Combat
 26443 | Orc:1    | Found a runed translucent door.
 26876 | Orc:2    | Entered Level 2 of the Orcish Mines
 26930 | Orc:2    | Found a staircase to the Elven Halls.
 27141 | Orc:1    | Noticed an orc warlord
 27314 | Orc:2    | Found Wuggodom's General Store.
 27613 | Orc:2    | Found Silarut's Distillery.
 27668 | Orc:2    | Bought a potion of experience for 800 gold pieces
 27668 | Orc:2    | Bought a potion of heal wounds for 80 gold pieces
 27668 | Orc:2    | Bought 2 potions of curing for 96 gold pieces
 27670 | Orc:2    | Bought 3 scrolls of magic mapping for 147 gold pieces
 27672 | Orc:2    | Reached XP level 16. HP: 136/136 MP: 25/25
 28065 | Orc:2    | Found Zifi Duc's Antique Weapon Shop.
 28065 | Orc:2    | Found Uney's Jewellery Boutique.
 28065 | Orc:2    | Found a one-way gate leading to the halls of Pandemonium.
 28204 | Orc:2    | Bought an amulet of regeneration for 540 gold pieces
 28688 | D:10     | Reached skill level 10 in Translocations
 28741 | Lair:1   | Bought a ring of poison resistance for 320 gold pieces
 29097 | D:13     | Found a glowing silver altar of Zin.
 29290 | D:13     | Reached skill level 15 in Unarmed Combat
 29396 | D:13     | Found a gate to the Vaults.
 29438 | D:13     | Reached XP level 17. HP: 144/144 MP: 20/26
 30007 | D:14     | Identified the +3 rapier of Bodily Humours {drain, *Rage
                  | Will+++ Int+2 Dex+2}
 30366 | D:14     | Noticed Rupert
 30370 | D:14     | Killed Rupert
 30595 | D:15     | Entered Level 15 of the Dungeon
 30618 | D:15     | Found a frozen archway.
 30667 | IceCv    | Entered an ice cave
 30953 | IceCv    | Reached skill level 10 in Dodging
 31221 | IceCv    | Identified the +0 pair of gloves "Xeomaor" {rElec}
 31224 | IceCv    | Identified the +1 plate armour of Ghostly Knowledge {rC+
                  | rN+ Str+4 Stlth+}
 31534 | D:15     | Noticed Nessos
 31544 | D:15     | Killed Nessos
 31907 | D:15     | Found a staircase to the Depths.
 32005 | D:15     | Found Geaklo's Self-Improvement Boutique.
 32373 | D:15     | Bought a manual of Dodging for 1440 gold pieces
 32648 | Lair:1   | Bought a scroll of identify for 28 gold pieces
 32672 | Lair:1   | Learned a level 7 spell: Dragon Form
 32775 | Swamp:1  | Entered Level 1 of the Swamp
 33523 | Swamp:1  | Reached skill level 16 in Unarmed Combat
 33769 | Swamp:2  | Noticed Kacaoki's ghost (adept MiBe)
 34047 | Swamp:2  | Reached XP level 18. HP: 150/154 MP: 24/28
 34128 | Swamp:2  | Found a runed translucent door.
 34399 | Swamp:2  | Killed Kacaoki's ghost
 34513 | Swamp:3  | Noticed Donald
 34558 | Swamp:3  | Killed Donald
 35203 | Swamp:4  | Entered Level 4 of the Swamp
 35332 | Swamp:3  | Reached skill level 15 in Transmutations
 36365 | Swamp:4  | Noticed a bone dragon
 36498 | Swamp:4  | Killed a bone dragon
 36514 | Swamp:4  | Got a decaying rune of Zot
 36750 | Spider:1 | Entered Level 1 of the Spider Nest
 37175 | Spider:1 | Identified the +8 dagger of Coqen {flame, rPois}
 38465 | Spider:2 | Noticed Zogeunol's ghost (adept VSFi)
 38471 | Spider:2 | Noticed Riopsa's ghost (adept GrEE)
 38472 | Spider:2 | Found a transporter.
 38474 | Spider:2 | Found a transporter.
 38498 | Spider:2 | Noticed Arachne
 39463 | Spider:3 | Found a runed translucent gate.
 39464 | Spider:3 | Found a runed translucent gate.
 39465 | Spider:3 | Found a runed translucent gate.
 39490 | Spider:3 | Noticed Riopsa's ghost (adept GrEE)
 39543 | Spider:3 | HP: 5/149 [jorogumo (10)]
 39543 | Spider:3 | Slain by a spark wasp

Illustrated notes

Levels and vault maps discovered:
D:1:      eino_arrival_cavern_b, layout_loops_corners, serial_shops,
          nicolae_diamond_shop, shapermc_ecumenical_altar_mp_urbaneastern
D:2:      layout_basic, chequers_serial_rivers_small_a, solitary_fountain
D:3:      layout_basic, elyvilon_altar_3, serial_shops, shop
D:4:      layout_cave_pools, nicolae_qazlal_scattered_showers,
          nicolae_concentric_dashed_squares_wild, uniq_blork_the_orc
D:5:      layout_basic, pf_just_have_faith
D:6:      layout_rooms, mainiacjoe_overflow_paths, mainiacjoe_overflow_alcove_3,
          serial_corexii_hall, chequers_hall_statues_corner_a,
          chequers_hall_statues_y
D:7:      layout_cave_pods, mainiacjoe_overflow_alcove_2,
          minmay_temple_entry_tees, eino_tiny_chamber, uniq_harold
D:8:      nicolae_cairo_tiling_large, layout_cave_pods,
          grunt_lair_entry_orc_guard_hut, enter_bailey_4
D:9:      layout_long_grid, kennysheep_little_box, mainiacjoe_overflow_swirl,
          serial_shops, nicolae_shop_overgrown_old_shop,
          minmay_misc_feat_enclosed
D:10:     layout_irregular_city, nicolae_tso_swordbearing_angel,
          nicolae_rejected_hall
D:11:     layout_long_grid, serial_shops, nicolae_shop_advertising_works
          [nicolae_subvault_shop_adworks]
D:12:     layout_big_octagon, erik_orc_1, serial_rivers,
          chequers_serial_rivers_large_b, chequers_serial_rivers_small_3,
          chequers_serial_rivers_micro_c, chequers_serial_rivers_small_b,
          chequers_serial_rivers_micro_c, serial_shops, shop, worms_lemuel
D:13:     layout_roguey, david_vaults_4, zin_academy
D:14:     layout_roguey, grunt_decor_mini_mirrors, uniq_rupert
D:15:     grunt_enter_depths_magical_seal, layout_long_grid,
          hangedman_decor_diamond_cutter, portal_ice_cave_entry_ice_simulacra,
          nicolae_shop_self_help, uniq_nessos
Temple:   compressed_dpeg_triangle_lava_temple
Lair:1:   layout_gridlike, hellmonk_guarded_unrand_vines
Lair:2:   layout_misc_corridors, minmay_swamp_entry_eels,
          nicolae_spider_entry_orb_guardian, lemuel_fruit_tree, uniq_urug
Lair:3:   hellmonk_ruined_rings, layout_long_grid, serial_bayou_pond_c
Lair:4:   layout_misc_corridors, enter_volcano_1, nicolae_lair_yak_garden,
          grunt_megastairs_2
Lair:5:   layout_small_grid, grunt_megastairs_3
Lair:6:   gammafunk_lair_ancient_temple, layout_loops_ring, slime_altar_1
Swamp:1:  layout_falls_marsh, nicolae_swamp_very_dense_foliage, swamp_pool1,
          roderic_carrion_pond, infiniplex_staircase_pool_2
Swamp:2:  layout_basic_swamp, hellmonk_ghost_happy_afterlife,
          nicolae_swamp_tree_isthmus, swamp_pool5, infiniplex_staircase_pool
Swamp:3:  layout_basic_swamp, nicolae_swamp_long_stream, uniq_donald
Swamp:4:  swamp_pestilence, layout_basic_swamp
Spider:1: layout_spider_delve
Spider:2: layout_chambers, nzn_ghost_randoct, nicolae_spider_twisty_arc_passages
Spider:3: layout_spider_delve, gammafunk_ghost_tricky_traps
Orc:1:    nicolae_orc_accident_3, layout_caves, basic_altar,
          lightli_church_of_beogh
Orc:2:    pf_orc_diabolical, layout_diamond_mine

Skill      XL: |  1  2  3  4  5  6  7  8  9 10 11 12 13 14 15 16 17 18 |
---------------+-------------------------------------------------------+-----
Dodging        | 2 3 4 5 6 7 8 9 10 11 | 11.7
Fighting       | 2 3 4 5 6 7 8 9 10 11 12 | 12.0
Transmutations | 3 4 5 6 7 8 9 10 11 12 13 14 15 | 15.7
Poison Magic   | 1 2 3 |  3.0
Unarmed Combat | 4 5 6 7 9 10 11 12 13 14 15 16 | 16.9
Ice Magic      | 1 2 4 5 7 9 10 | 10.0
Translocations | 1 4 5 6 8 9 10 11 13 | 13.1
Stealth        | 1 3 5 6 7 9 |  9.3
Spellcasting   | 4 5 6 7 |  7.7
Air Magic      | 3 5 6 7 8 |  8.8

Action                   |  1- 3 |  4- 6 |  7- 9 | 10-12 | 13-15 | 16-18 || total
-------------------------+-------+-------+-------+-------+-------+-------++-------
Melee: Unarmed           |    93 |   120 |   168 |   653 |   984 |  1349 ||  3367
       Kick              |    33 |    22 |    18 |       |       |     4 ||    77
       Headbutt          |    12 |    10 |     8 |       |       |     4 ||    34
       Tailslap          |     6 |     8 |     7 |       |   111 |   292 ||   424
       Punch             |       |       |     3 |       |    60 |   171 ||   234
       Staff             |       |       |       |       |     9 |    19 ||    28
Throw: Dart              |       |       |     5 |       |       |       ||     5
 Cast: Beastly Appendage |    27 |    16 |    10 |     1 |     3 |     2 ||    59
       Spider Form       |       |     6 |    13 |     2 |       |       ||    21
       Ice Form          |       |       |     8 |    61 |    47 |     3 ||   119
       Wereblood         |       |       |       |     8 |    16 |       ||    24
       Blade Hands       |       |       |       |       |    77 |   171 ||   248
       Mephitic Cloud    |       |       |       |       |     1 |       ||     1
       Dragon Form       |       |       |       |       |       |     1 ||     1
       Manifold Assault  |       |       |       |       |       |     1 ||     1
Invok: Call Merchant     |       |       |       |     1 |     3 |     1 ||     5
       Potion Petition   |       |       |       |       |       |     1 ||     1
 Abil: Breathe Frost     |       |       |     4 |     2 |       |     5 ||    11
       End Transformatio |       |       |       |     1 |     9 |     3 ||    13
Evoke: Wand              |       |       |       |     9 |     2 |     8 ||    19
  Use: Scroll            |       |     1 |     1 |    10 |     9 |    17 ||    38
       Potion            |       |       |       |       |     2 |     3 ||     5
 Stab: Sleeping          |     1 |       |     1 |     2 |     9 |    16 ||    29
       Paralysed         |       |       |       |     7 |     4 |       ||    11
       Distracted        |       |       |       |     2 |     8 |    15 ||    25
       Petrified         |       |       |       |       |     1 |       ||     1
Armor: Skin              |    23 |    45 |    39 |   257 |   318 |   561 ||  1243
Dodge: Dodged            |    61 |    89 |   132 |   345 |   546 |   997 ||  2170

Table legend: (Time is in decaauts)
 A = Elapsed time spent in this place.
 B = Non-inter-level travel time spent in this place.
 C = Inter-level travel time spent in this place.
 D = Time resting spent in this place.
 E = Time spent auto-exploring this place.
 F = Levels seen in this place.
 G = Mean time per level.
                   A        B        C        D        E       F      G
               +--------+--------+--------+--------+--------+-----+--------+
         Total |  38962 |  37514 |   1448 |   7192 |  15251 |  34 | 1145.9 |
       Dungeon |  17957 |  17036 |    921 |   3377 |   8656 |  15 | 1197.1 |
        Temple |    255 |    255 |      0 |      0 |    235 |   1 |  255.0 |
          Lair |   9445 |   9153 |    292 |   1862 |   3680 |   6 | 1574.2 |
         Swamp |   3715 |   3614 |    101 |    366 |   1330 |   4 |  928.8 |
   Spider Nest |   2650 |   2594 |     56 |    488 |    698 |   3 |  883.3 |
  Orcish Mines |   2368 |   2292 |     76 |    123 |    488 |   2 | 1184.0 |
        Bailey |    920 |    920 |      0 |    326 |      3 |   1 |  920.0 |
      Ice Cave |    660 |    660 |      0 |      0 |    160 |   1 |  660.0 |
       Volcano |    989 |    989 |      0 |    650 |      0 |   1 |  989.0 |
               +--------+--------+--------+--------+--------+-----+--------+

Top non-repeatable levels by time:
     D:8: 2679 daAuts
  Lair:5: 2034 daAuts
     D:9: 1786 daAuts
Spider:2: 1752 daAuts
  Lair:2: 1744 daAuts
  Lair:3: 1739 daAuts
  Lair:1: 1569 daAuts
   Orc:2: 1533 daAuts
    D:10: 1435 daAuts
  Lair:6: 1363 daAuts
     D:7: 1299 daAuts
     D:1: 1268 daAuts
    D:15: 1145 daAuts
 Swamp:4: 1082 daAuts
     D:3: 1063 daAuts
